 Dungeon Crawl Stone Soup version 0.24-a0-479-g9a978d2894 (webtiles) character file.

Game seed: 3596536662278912023

65 OnekoMk1 the Gusty (level 4, 0/24 HPs)
             Began as a Tengu Air Elementalist on July 8, 2019.
             Killed from afar by a dart slug (5 damage)
             ... with a slug dart
             ... on level 2 of the Dungeon.
             The game lasted 00:04:15 (1182 turns).

OnekoMk1 the Gusty (Tengu Air Elementalist)         Turns: 1182, Time: 00:04:16

Health: 0/24       AC:  2    Str:  8    XL:     4   Next: 13%
Magic:  2/8        EV: 13    Int: 16    God:
Gold:   80         SH:  0    Dex: 15    Spells: 7/8 levels left

rFire    . . .     SeeInvis .   d - +2 dagger (flame)
rCold    . . .     Gourm    .   (no shield)
rNeg     . . .     Faith    .   a - +0 robe
rPois    .         Spirit   .   (helmet restricted)
rElec    .         Reflect  .   (no cloak)
rCorr    .         Harm     .   (no gloves)
MR       .....                  (boots unavailable)
Stlth    ++........             (no amulet)
HPRegen  0.08/turn              f - +2 ring of slaying
MPRegen  0.11/turn              (no ring)

@: very slightly contaminated
A: beak, talons 3
a: no special abilities


You were on level 2 of the Dungeon.
You were not hungry.

You visited 1 branch of the dungeon, and saw 2 of its levels.

You collected 80 gold pieces.

Inventory:

Hand Weapons
 d - a +2 dagger of flaming (weapon)
Armour
 a - a +0 robe (worn)
Jewellery
 f - a +2 ring of slaying (left hand)
Comestibles
 c - a ration
 g - 5 chunks of flesh


   Skills:
 + Level 2.3 Dodging
 + Level 2.2 Stealth
 + Level 2.5 Spellcasting
 + Level 2.2 Conjurations
 + Level 5.4 Air Magic


You had 7 spell levels left.
You knew the following spells:

 Your Spells              Type           Power        Failure   Level  Hunger
a - Shock                 Conj/Air       ##..         4%          1    #......

Your spell library contained the following spells:

 Spells                   Type           Power        Failure   Level  Hunger
 Swiftness                Chrm/Air       ##......     10%         2    ##.....
 Static Discharge         Conj/Air       ##......     12%         3    ###....
 Airstrike                Air            ###.......   22%         4    #####..
 Lightning Bolt           Conj/Air       ##........   75%         5    ######.


Dungeon Overview and Level Annotations

Branches:
Dungeon (2/15)

Altars:
Yredelemnul


Innate Abilities, Weirdness & Mutations

You have a beak for a mouth.
You have claws for feet.


Message History

Aim: a dart slug (heavily wounded, clinging)
The zap hits the dart slug.
The dart slug is severely wounded.
Casting: Shock (safe; 4% risk of failure)
Confirm with . or Enter, or press ? or * to list all spells.
Aiming: Shock (safe; 4% risk of failure)
Press: ? - help, Shift-Dir - straight line, f/p - dart slug
Aim: a dart slug (severely wounded, clinging)
The zap hits the dart slug.
The dart slug is severely wounded.
Casting: Shock (safe; 4% risk of failure)
Confirm with . or Enter, or press ? or * to list all spells.
Aiming: Shock (safe; 4% risk of failure)
Press: ? - help, Shift-Dir - straight line, f/p - dart slug
Aim: a dart slug (severely wounded)
The zap hits the dart slug.
The dart slug is almost dead.
The dart slug launches a dart at you. The slug dart hits you.
You die...

#..................#
#..................#
#...(..............#
#...รท......#############
#..#.......###..........
#..#.........'..........
#.(#.......###..........
...#.......##...........
...........##...@.....r.
............#...........
####.####...#...........
....... .<......w.......
..##.###########........
...... ...#.#### ......
...#.# ....... ...#.#
.....


You could see a dart slug and a rat.

Vanquished Creatures
  3 adders (D:2)
  An ooze (D:1)
  3 bats
  A giant cockroach (D:1)
  5 goblins
  3 hobgoblins (D:1)
  4 jackals (D:2)
  3 kobolds (D:1)
  A ball python (D:1)
  2 frilled lizards
  8 rats
34 creatures vanquished.

Notes
Turn   | Place    | Note
-------+----------+-------------------------------------------
     0 | D:1      | OnekoMk1 the Tengu Air Elementalist began the quest for the
                  | Orb.
     0 | D:1      | Reached XP level 1. HP: 10/10 MP: 4/4
   168 | D:1      | Reached XP level 2. HP: 15/15 MP: 4/6
   713 | D:1      | Reached skill level 5 in Air Magic
   721 | D:1      | Reached XP level 3. HP: 13/19 MP: 2/7
   855 | D:2      | Found a basalt altar of Yredelemnul.
  1100 | D:2      | Reached XP level 4. HP: 9/24 MP: 6/8
  1121 | D:2      | HP: 1/24 [poisoned by an adder]
  1182 | D:2      | Killed from afar by a dart slug

Levels and vault maps discovered:
D:1:      elethiomel_arrival_maze, layout_basic
D:2:      layout_basic, lemuel_crystal_altar, chequers_ecumenical_altar_lobes,
          kennysheep_generic_room_5

Skill      XL: |  1  2  3 |
---------------+----------+-----
Air Magic      | 5 |  5.4
Conjurations   | 2 |  2.2
Dodging        | |  2.3
Stealth        | |  2.2
Spellcasting   | |  2.5

Action                   |  1- 3 |  4- 6 || total
-------------------------+-------+-------++-------
Melee: Dagger            |    31 |       ||    31
       Peck              |     5 |       ||     5
       Kick              |     2 |       ||     2
 Cast: Shock             |    49 |     5 ||    54
  Use: Scroll            |       |     4 ||     4
       Potion            |       |     1 ||     1
 Stab: Sleeping          |     2 |       ||     2
  Eat: Chunk             |     1 |       ||     1
       Ration            |       |     1 ||     1
Armor: Robe              |    11 |       ||    11
Dodge: Dodged            |    28 |       ||    28

Table legend:
 A = Non-vault XP
 B = Vault XP
 C = Vault XP percentage of total XP
 D = Non-vault monster count
 E = Vault monster count
 F = Vault count percentage of total count
                 A         B        C        D         E       F
            +---------+---------+-------+---------+---------+-------
      Total |      91 |       2 |   2.2 |      32 |       2 |   5.9
            +---------+---------+-------+---------+---------+-------
        D:1 |      38 |       0 |   0.0 |      22 |       0 |   0.0
        D:2 |      53 |       2 |   3.6 |      10 |       2 |  16.7
            +---------+---------+-------+---------+---------+-------
